[Event "Titled Tuesday Blitz August 22 Early 2023"]
[White "Namitbir Singh Walia"]
[Black "Sarkar, Justin"]
[WhiteFideId "35071068"]
[BlackFideId "2010011"]
[WhiteElo "2410"]
[BlackElo "2238"]
[Result "1-0"]
[Round "3"]
[TimeControl "180+1"]
[Date "2023.08.22"]
[WhiteClock "0:00:20"]
[BlackClock "0:00:00"]
[Board "239"]

1. e4 c5 2. Nf3 d6 3. d4 cxd4 4. Nxd4 Nf6 5. f3 e6 6. c4 Be7 7. Nc3 O-O 8. Be3 Nc6 9. Be2 d5 10. cxd5 exd5 11. Nxc6 bxc6 12. exd5 Nxd5 13. Nxd5 cxd5 14. O-O Be6 15. Bd4 Bf6 16. Kh1 Bxd4 17. Qxd4 Qb6 18. Rfd1 Qxd4 19. Rxd4 Rfc8 20. Rd2 a5 21. Kg1 Rab8 22. Kf2 Rb4 23. Bd1 Rcb8 24. b3 Kf8 25. Rc1 Ke7 26. Rc5 R4b5 27. Rxb5 Rxb5 28. Rd4 Kd6 29. Ke3 Rc5 30. Kd2 Ke5 31. Rd3 d4 32. g3 Bf5 33. f4+ Kd5 34. Bf3+ Be4 35. f5 f6 36. g4 Ke5 37. Bxe4 Kxe4 38. a3 h5 39. gxh5 Rxf5 40. Rg3 Rf2+ 41. Ke1 Rxh2 42. Rxg7 Rxh5 43. Rg4+ Ke3 44. Rg3+ Ke4 45. Rg8 Rh2 46. Rg3 f5 47. b4 a4 48. b5 f4 49. Rg8 d3 50. Re8+ Kf3 51. b6 1-0


[Site "https://www.chess.com"]

[Event "Titled Tuesday Blitz August 22 Early 2023"]
[White "Kiseleva, Arina"]
[Black "ExchangeAB"]
[WhiteFideId "4164989"]
[WhiteElo "2234"]
[BlackElo "2409"]
[Result "0-1"]
[Round "3"]
[TimeControl "180+1"]
[Date "2023.08.22"]
[WhiteClock "0:00:00"]
[BlackClock "0:00:30"]
[Board "240"]

1. d4 Nf6 2. Nf3 c6 3. c4 d5 4. Nbd2 Bf5 5. Nh4 Bd7 6. e3 g6 7. Bd3 Bg7 8. O-O O-O 9. b3 Na6 10. Bb2 c5 11. Nhf3 cxd4 12. exd4 Nb4 13. Bb1 dxc4 14. bxc4 Rc8 15. Re1 e6 16. Ne5 Nc6 17. Nxd7 Qxd7 18. Nf3 Rfd8 19. a3 Nh5 20. Ba2 Nxd4 21. Ne5 Qd6 22. c5 Rxc5 23. Nc4 Qc7 24. Ne3 Nf4 25. Qg4 Nd3 26. Bxd4 Rxd4 27. Qf3 Nxe1 28. Rxe1 Rc1 29. Qe2 Rxe1+ 30. Qxe1 Rd3 31. g3 Qc3 32. Qb1 Qb2 33. Qxd3 Qxa2 34. Qd8+ Bf8 35. Qb8 Qxa3 36. Qxb7 a5 37. Qa8 Qb4 38. h3 a4 39. Ng4 Kg7 40. Qd8 Be7 41. Qd7 h5 42. Ne3 a3 43. Qa7 Bf6 44. h4 Bd4 45. Nc2 Qb1+ 46. Kg2 Bxa7 0-1


[Site "https://www.chess.com"]

[Event "Titled Tuesday Blitz August 22 Early 2023"]
[White "hsd2016"]
[Black "Rozhkov, Viacheslav"]
[BlackFideId "4181484"]
[WhiteElo "2224"]
[BlackElo "2409"]
[Result "0-1"]
[Round "3"]
[TimeControl "180+1"]
[Date "2023.08.22"]
[WhiteClock "0:00:05"]
[BlackClock "0:01:19"]
[Board "241"]

1. e4 c5 2. Nf3 Nc6 3. Nc3 e6 4. d4 cxd4 5. Nxd4 Nf6 6. Ndb5 Bb4 7. Bf4 Nxe4 8. Nc7+ Kf8 9. Nxa8 Nxc3 10. bxc3 Bxc3+ 11. Bd2 Bxa1 12. Qxa1 d5 13. Qb2 b6 14. Bf4 f6 15. Qa3+ Kf7 16. Qd6 Nd4 17. Bd3 e5 18. Qxd8 Rxd8 19. Be3 Bf5 20. Bxf5 Nxf5 21. Nc7 d4 22. Bd2 Rc8 23. Nd5 Rxc2 24. Nb4 Rb2 25. a4 Rb1+ 0-1


[Site "https://www.chess.com"]

[Event "Titled Tuesday Blitz August 22 Early 2023"]
[White "Efremov, Vladislav"]
[Black "le-castor-faineant"]
[WhiteFideId "44159935"]
[WhiteElo "2408"]
[BlackElo "2224"]
[Result "1-0"]
[Round "3"]
[TimeControl "180+1"]
[Date "2023.08.22"]
[WhiteClock "0:02:12"]
[BlackClock "0:00:13"]
[Board "242"]

1. d4 Nf6 2. c4 g6 3. Nc3 Bg7 4. e4 d6 5. f3 O-O 6. Be3 e5 7. dxe5 dxe5 8. Qxd8 Rxd8 9. Be2 c6 10. Kf2 a5 11. g4 Be6 12. Nh3 Nbd7 13. Ng5 Re8 14. Rhd1 h6 15. Nxe6 Rxe6 16. h4 Nf8 17. g5 hxg5 18. hxg5 Nh5 19. Rd2 Nf4 20. Rad1 Re7 21. Bf1 N8e6 22. Rd7 Rae8 23. Rxe7 Rxe7 24. Bb6 Nxg5 25. Bd8 Bf6 26. Bxe7 Bxe7 27. Kg3 Bc5 28. Rd7 b6 29. Ne2 Nge6 30. a3 Nxe2+ 31. Bxe2 Bd4 32. b4 axb4 33. axb4 Bc3 34. Rd6 Bxb4 35. Rxc6 Bc5 36. Rc8+ Kg7 37. Bd1 Nf4 38. Ba4 Ne2+ 39. Kg2 Nf4+ 40. Kf1 Ne6 41. Bd7 Nd4 42. Kg2 Kf6 43. Rc7 Ke7 44. Ba4+ Kf6 45. Be8 Nb3 46. Rxf7+ Kg5 47. Rg7 Nd2 48. Rxg6+ Kf4 49. Rg4+ Ke3 50. Bb5 Nxf3 51. Rg3 Kxe4 52. Rxf3 Kd4 53. Kf1 e4 54. Rh3 e3 55. Ke2 Kc3 56. Rxe3+ Bxe3 57. Kxe3 Kb4 58. Kd4 Ka5 59. Kd5 Kb4 60. Kc6 Ka5 61. Kb7 Kb4 62. Kxb6 Kc3 63. c5 1-0


[Site "https://www.chess.com"]

[Event "Titled Tuesday Blitz August 22 Early 2023"]
[White "Smiechu"]
[Black "Luxama, Jacques Muller"]
[BlackFideId "11900113"]
[WhiteElo "2402"]
[BlackElo "2220"]
[Result "0-1"]
[Round "3"]
[TimeControl "180+1"]
[Date "2023.08.22"]
[WhiteClock "0:00:14"]
[BlackClock "0:00:24"]
[Board "244"]

1. e4 e6 2. d4 d5 3. Bd3 dxe4 4. Bxe4 Nd7 5. Ne2 Ngf6 6. Bf3 Bd6 7. O-O O-O 8. c4 c6 9. Nbc3 Re8 10. g3 Qc7 11. c5 Bf8 12. Bf4 e5 13. dxe5 Nxe5 14. Bg2 Bxc5 15. Rc1 Nh5 16. Ne4 Bf8 17. Be3 Ng4 18. Bc5 Nhf6 19. Nxf6+ Nxf6 20. Nf4 Bxc5 21. Rxc5 Bg4 22. Qc2 Rad8 23. b4 Qd6 24. b5 cxb5 25. Bxb7 b4 26. Rb1 a5 27. Rxa5 Qb6 28. Rg5 Qxb7 29. h3 Bf3 30. Qf5 Ne4 31. Ne6 Nxg5 32. Nxd8 Rxd8 33. Qxg5 Qd5 34. Qxd5 Rxd5 35. g4 Rd1+ 36. Rxd1 Bxd1 37. Kf1 Bc2 38. Ke1 Bb1 39. Kd2 Bxa2 40. Kc2 Be6 0-1


[Site "https://www.chess.com"]

[Event "Titled Tuesday Blitz August 22 Early 2023"]
[White "Thiel, Thomas"]
[Black "Legenia, Artem"]
[WhiteFideId "4615964"]
[BlackFideId "14136945"]
[WhiteElo "2219"]
[BlackElo "2401"]
[Result "1-0"]
[Round "3"]
[TimeControl "180+1"]
[Date "2023.08.22"]
[WhiteClock "0:01:16"]
[BlackClock "0:01:52"]
[Board "245"]

1. e4 Nf6 2. e5 Nd5 3. d4 d6 4. c4 Nb6 5. exd6 cxd6 6. Nc3 g6 7. Be3 Bg7 8. b3 O-O 9. Rc1 Nc6 10. d5 Ne5 11. Be2 h5 12. Bd4 e6 13. f4 Ng4 14. Nf3 exd5 15. Bxg7 Kxg7 16. Nxd5 Nxd5 17. Qxd5 Qf6 18. Qd4 Re8 19. h3 Ne3 20. Kf2 Qxd4 21. Nxd4 Bd7 22. Bf3 Rab8 23. Rhe1 Nf5 24. Nxf5+ Bxf5 25. Rxe8 Rxe8 26. Bxb7 Bd3 27. Bf3 h4 28. Rd1 Bf5 29. Rxd6 Re7 30. c5 Be4 31. Bxe4 Rxe4 32. Kf3 Re1 33. Rd4 Rc1 34. Rc4 Rxc4 35. bxc4 Kf8 36. Kg4 Ke7 37. Kxh4 Kd7 38. Kg5 Kc7 39. Kf6 Kc6 40. Kxf7 Kxc5 41. Kxg6 1-0


[Site "https://www.chess.com"]

[Event "Titled Tuesday Blitz August 22 Early 2023"]
[White "Winslow, Elliott"]
[Black "Rom, Jasper"]
[WhiteFideId "2002523"]
[BlackFideId "2023733"]
[WhiteElo "2214"]
[BlackElo "2399"]
[Result "0-1"]
[Round "3"]
[TimeControl "180+1"]
[Date "2023.08.22"]
[WhiteClock "0:00:09"]
[BlackClock "0:00:15"]
[Board "246"]

1. d4 d5 2. c4 e6 3. Nc3 c6 4. e3 Bd6 5. f4 f5 6. Nf3 Nf6 7. Bd3 O-O 8. Qc2 Ne4 9. O-O Nd7 10. Bxe4 fxe4 11. Ne5 Nxe5 12. dxe5 Be7 13. Ne2 c5 14. Rd1 b6 15. cxd5 exd5 16. Nc3 Be6 17. Qb3 c4 18. Qb5 Bc5 19. Nxe4 dxe4 20. Rxd8 Raxd8 21. Qa4 Rxf4 22. Qc2 Rf5 23. Bd2 Rd3 24. Re1 Rxe5 25. g3 Red5 26. Bc3 Bxe3+ 27. Kh1 Bg4 28. Rf1 Bf3+ 29. Rxf3 exf3 30. h3 Rd1+ 31. Kh2 Bg1+ 0-1


[Site "https://www.chess.com"]

[Event "Titled Tuesday Blitz August 22 Early 2023"]
[White "KorolDimitriy75"]
[Black "Andrade Truyol, Geiner Jose"]
[BlackFideId "4431987"]
[WhiteElo "2398"]
[BlackElo "2212"]
[Result "1-0"]
[Round "3"]
[TimeControl "180+1"]
[Date "2023.08.22"]
[WhiteClock "0:00:57"]
[BlackClock "0:00:34"]
[Board "247"]

1. d4 Nf6 2. c4 d6 3. Nc3 Nbd7 4. e4 e5 5. Nf3 c6 6. Be2 Be7 7. O-O O-O 8. Re1 Qc7 9. Rb1 a6 10. b4 b5 11. a4 bxc4 12. Bxc4 Nb6 13. Be2 Bg4 14. h3 Bxf3 15. Bxf3 Rfd8 16. a5 Nbd7 17. Be3 Qb7 18. Qc2 Rac8 19. Red1 Nf8 20. Na4 exd4 21. Bxd4 Ne6 22. Be3 c5 23. e5 1-0


[Site "https://www.chess.com"]

[Event "Titled Tuesday Blitz August 22 Early 2023"]
[White "Delorme, Axel"]
[Black "Lee, Addison"]
[WhiteFideId "632023"]
[BlackFideId "30924570"]
[WhiteElo "2398"]
[BlackElo "2209"]
[Result "1-0"]
[Round "3"]
[TimeControl "180+1"]
[Date "2023.08.22"]
[WhiteClock "0:02:35"]
[BlackClock "0:00:00"]
[Board "248"]

1. d4 Nf6 2. Nc3 c5 3. d5 e5 4. dxe6 fxe6 5. e4 d5 6. exd5 exd5 7. Nf3 Be7 8. Bb5+ Bd7 9. Bxd7+ Qxd7 10. Bg5 d4 11. Bxf6 Bxf6 12. Ne4 Be7 13. O-O O-O 14. c3 Nc6 15. cxd4 Nxd4 16. Nxd4 cxd4 17. Qd3 Rad8 18. Rfd1 Qd5 19. b3 Rfe8 20. f3 Bc5 21. Rac1 Bb6 22. Rc4 Rc8 23. Rdc1 Rxc4 24. Qxc4 Qxc4 25. Rxc4 d3+ 26. Kf1 Rd8 27. Ke1 Be3 28. Kd1 Rd7 29. Ng3 g6 30. Nf1 Bb6 31. Kd2 Kf8 32. b4 1-0


[Site "https://www.chess.com"]

[Event "Titled Tuesday Blitz August 22 Early 2023"]
[White "Melikhov, Evgeny V."]
[Black "Larina, Maria"]
[WhiteFideId "4122046"]
[BlackFideId "24113182"]
[WhiteElo "2398"]
[BlackElo "2196"]
[Result "1-0"]
[Round "3"]
[TimeControl "180+1"]
[Date "2023.08.22"]
[WhiteClock "0:00:31"]
[BlackClock "0:00:10"]
[Board "249"]

1. d4 f5 2. e4 fxe4 3. Nc3 Nf6 4. Bg5 Nc6 5. d5 Ne5 6. Qe2 d6 7. O-O-O Bg4 8. f3 exf3 9. Nxf3 Qd7 10. Nxe5 Bxe2 11. Nxd7 Bxd1 12. Nxf6+ exf6 13. Bb5+ Kf7 14. Bd2 Bg4 15. h3 Bf5 16. g4 Bg6 17. Re1 a6 18. Bd7 Be7 19. Be6+ Kf8 20. Ne2 Rd8 21. Nf4 c6 22. dxc6 bxc6 23. Bc4 Bf7 24. Ne6+ Bxe6 25. Bxe6 d5 26. g5 Rd6 27. gxf6 Bxf6 28. Bb4 Be7 29. Bxd6 Bxd6 30. Bd7 Kf7 31. Bxc6 d4 32. Bd5+ Kf8 33. Re6 Bf4+ 34. Kd1 g5 35. Rxa6 Kg7 36. Ke2 h5 37. Be4 Re8 38. Kd3 Be3 39. a4 Rb8 40. b3 Rc8 41. Rc6 Rb8 42. a5 Rb5 43. a6 Ra5 44. Rc7+ Kf6 45. a7 g4 46. hxg4 hxg4 47. a8=Q Rxa8 48. Bxa8 g3 49. Rd7 Bf2 50. Rxd4 Bxd4 51. Kxd4 Kf5 52. b4 Kf4 53. b5 1-0


[Site "https://www.chess.com"]

[Event "Titled Tuesday Blitz August 22 Early 2023"]
[White "Bogaudinov, Rushan"]
[Black "Johnson, Ben"]
[WhiteFideId "4129288"]
[BlackFideId "2010917"]
[WhiteElo "2394"]
[BlackElo "2139"]
[Result "1-0"]
[Round "3"]
[TimeControl "180+1"]
[Date "2023.08.22"]
[WhiteClock "0:00:18"]
[BlackClock "0:00:03"]
[Board "251"]

1. d4 Nf6 2. Nf3 d5 3. g3 c5 4. Bg2 e6 5. O-O Nc6 6. c3 Be7 7. dxc5 Bxc5 8. b4 Bd6 9. a3 a6 10. Bb2 O-O 11. Nbd2 e5 12. Qc2 e4 13. Nd4 Bg4 14. h3 Nxd4 15. cxd4 Bxe2 16. Rfc1 Rc8 17. Qb3 b5 18. Nf1 Bc4 19. Qd1 h5 20. Ne3 h4 21. g4 Bf4 22. a4 Bd3 23. Rc5 Rxc5 24. bxc5 Qc7 25. axb5 Bxb5 26. Bc3 Nh7 27. Nxd5 Qb8 28. Bxe4 Ng5 29. Bg2 Bh2+ 30. Kh1 Kh8 31. Qd2 f6 32. f4 Bc6 33. Kxh2 Ne6 34. Rf1 Qb7 35. Nb4 Bxg2 36. Qxg2 Qb5 37. Re1 Qc4 38. Nd5 Rd8 39. Rxe6 Rxd5 40. Re8+ Kh7 41. Qe4+ g6 42. Qe7+ Kh6 43. Rh8# 1-0


[Site "https://www.chess.com"]

[Event "Titled Tuesday Blitz August 22 Early 2023"]
[White "Cagara, Paulina"]
[Black "rikchessmx"]
[WhiteFideId "1124870"]
[WhiteElo "2127"]
[BlackElo "2390"]
[Result "1-0"]
[Round "3"]
[TimeControl "180+1"]
[Date "2023.08.22"]
[WhiteClock "0:00:41"]
[BlackClock "0:00:59"]
[Board "252"]

1. e4 c5 2. Nc3 e6 3. f4 a6 4. d3 b5 5. Nf3 Bb7 6. g3 b4 7. Nb1 Nf6 8. Bg2 h5 9. Nbd2 d5 10. e5 Ng4 11. Qe2 a5 12. a3 Nc6 13. axb4 Nxb4 14. Nf1 Ba6 15. Ne3 Nh6 16. Nh4 Be7 17. O-O Bxh4 18. gxh4 Qxh4 19. Bd2 Ng4 20. h3 Nxe3 21. Bxe3 c4 22. Rxa5 cxd3 23. cxd3 O-O 24. Qf2 Bxd3 25. Qxh4 Rxa5 26. Rd1 Bg6 27. Bd2 Rb5 28. Qe7 Rfb8 29. Bf1 R5b7 30. Qg5 Nc6 31. b4 Nxb4 32. Bxb4 Rxb4 33. Rc1 Kh7 34. Be2 Rb3 35. Bxh5 Rxh3 36. Bxg6+ fxg6 37. Kg2 Ra3 38. Rh1+ Kg8 39. Rf1 Kf7 40. f5 gxf5 41. Qh5+ Kg8 42. Qg6 d4 43. Qxe6+ 1-0


[Site "https://www.chess.com"]

[Event "Titled Tuesday Blitz August 22 Early 2023"]
[White "knightinshiningarmour16"]
[Black "Biregina"]
[WhiteElo "2125"]
[BlackElo "2389"]
[Result "0-1"]
[Round "3"]
[TimeControl "180+1"]
[Date "2023.08.22"]
[WhiteClock "0:01:23"]
[BlackClock "0:01:27"]
[Board "253"]

1. d4 c5 2. dxc5 e6 3. b4 a5 4. c3 axb4 5. cxb4 Qf6 6. Nc3 Qxc3+ 7. Bd2 Qf6 8. Nf3 Nc6 9. e3 d6 10. b5 Ne5 11. cxd6 Nxf3+ 12. gxf3 Bxd6 13. a4 Ne7 14. f4 O-O 15. Bd3 Rd8 16. Qc2 Nf5 17. Bc3 e5 18. e4 Nd4 19. Bxd4 exd4 20. e5 Bb4+ 21. Kf1 Bh3+ 22. Ke2 Qxf4 23. Bxh7+ Kh8 24. Qd3 Qxe5+ 25. Kd1 Bg4+ 26. f3 Bxf3+ 27. Qxf3 Kxh7 28. h4 Qe3 29. Qf5+ Kg8 0-1


[Site "https://www.chess.com"]

[Event "Titled Tuesday Blitz August 22 Early 2023"]
[White "Floresvillar Gonzalez, Luis Migu"]
[Black "Rodriguez Fontecha, Marcos"]
[WhiteFideId "5100542"]
[BlackFideId "2256576"]
[WhiteElo "2119"]
[BlackElo "2388"]
[Result "1-0"]
[Round "3"]
[TimeControl "180+1"]
[Date "2023.08.22"]
[WhiteClock "0:00:18"]
[BlackClock "0:00:06"]
[Board "254"]

1. e4 e6 2. d4 d5 3. e5 c5 4. c3 Qb6 5. a3 Bd7 6. Nf3 Bb5 7. Bxb5+ Qxb5 8. Qe2 Qxe2+ 9. Kxe2 Nc6 10. Be3 cxd4 11. Bxd4 Nge7 12. Nbd2 h5 13. h3 h4 14. Nf1 Nf5 15. Ne3 Nxe3 16. Bxe3 Be7 17. g4 Kd7 18. Rhe1 Na5 19. Nd2 Rhc8 20. f4 a6 21. Rad1 b5 22. Bf2 Rab8 23. g5 Nc4 24. Nxc4 bxc4 25. Rd2 Rb3 26. Kf1 Rh8 27. Ree2 Bd8 28. Kg2 Bb6 29. Bxb6 Rxb6 30. Kf3 Ke7 31. Kg4 f5+ 32. exf6+ gxf6 33. Rxd5 Kf7 34. Rd7+ Kg6 35. Rxe6 1-0


[Site "https://www.chess.com"]

[Event "Titled Tuesday Blitz August 22 Early 2023"]
[White "Kozelov, Roman"]
[Black "Kula, Robert"]
[WhiteFideId "14133377"]
[BlackFideId "1101218"]
[WhiteElo "2377"]
[BlackElo "2117"]
[Result "1-0"]
[Round "3"]
[TimeControl "180+1"]
[Date "2023.08.22"]
[WhiteClock "0:00:20"]
[BlackClock "0:00:04"]
[Board "255"]

1. e4 e5 2. Nf3 Nc6 3. d4 exd4 4. Nxd4 Nf6 5. Nxc6 bxc6 6. Qe2 Be7 7. Nc3 O-O 8. Bf4 d5 9. O-O-O Be6 10. f3 Bb4 11. Na4 Qe7 12. Qa6 dxe4 13. Qxc6 exf3 14. gxf3 Bxa2 15. Rg1 Rad8 16. Bd3 Bd5 17. Qxc7 Rd7 18. Qe5 Bxf3 19. Qxe7 Bxe7 20. Rdf1 Rxd3 21. cxd3 Rc8+ 22. Nc3 Bh5 23. Kd2 Bg6 24. Re1 Bb4 25. Rg3 Nd5 26. Be5 f6 27. Bd4 a5 28. Re6 Nf4 29. Ra6 Rd8 30. Ke3 Nxd3 31. Rxg6 Nc5 32. Rc6 Re8+ 33. Kf3 Ne6 34. Rxe6 Rxe6 35. Rg4 Kf7 36. Nd5 Bf8 37. Re4 Rd6 38. Nc3 Rc6 39. Be3 h6 40. Rd4 Rc7 41. Rd8 Be7 42. Ra8 Rb7 43. Nd5 Bb4 44. Ra7 Rxa7 45. Bxa7 Bd2 46. Bb6 a4 47. Bd4 Ke6 48. Ne3 g5 49. Ke4 Bb4 50. Nf5 h5 51. Ng7+ Kf7 52. Nxh5 a3 53. bxa3 Bxa3 54. Nxf6 Bd6 55. Ng4 Kg6 56. h3 Kh5 57. Kf3 Kh4 58. Kg2 Bg3 59. Bf2 Bxf2 60. Nxf2 Kh5 61. Kg3 Kg6 62. Kg4 Kh6 63. Ne4 Kg6 64. Nxg5 Kh6 65. h4 Kg6 66. h5+ Kh6 67. Ne6 Kh7 68. Kg5 Kg8 69. Kg6 Kh8 70. Nd8 Kg8 71. Nf7 Kf8 72. h6 Ke7 73. h7 Ke6 74. h8=Q Kd5 75. Qe5+ 1-0


[Site "https://www.chess.com"]

[Event "Titled Tuesday Blitz August 22 Early 2023"]
[White "Nugumanov, Bakhtiyar"]
[Black "Slovineanu, Viacheslav"]
[WhiteFideId "13701797"]
[BlackFideId "13900510"]
[WhiteElo "2109"]
[BlackElo "2376"]
[Result "0-1"]
[Round "3"]
[TimeControl "180+1"]
[Date "2023.08.22"]
[WhiteClock "0:00:00"]
[BlackClock "0:00:11"]
[Board "256"]

1. Nf3 d5 2. g3 Nd7 3. d4 Ngf6 4. Bg2 e6 5. O-O b5 6. a4 b4 7. a5 Ba6 8. Re1 c5 9. c3 Be7 10. dxc5 Bxc5 11. cxb4 Bxb4 12. Nc3 O-O 13. Qd4 Bxa5 14. Bg5 Bb6 15. Qh4 Bb7 16. Nd2 h6 17. Bxf6 Nxf6 18. e4 Nxe4 19. Qxd8 Rfxd8 20. Ndxe4 dxe4 21. Nxe4 Rac8 22. Re2 Bd5 23. h4 f5 24. Nc3 Bxg2 25. Kxg2 Kf7 26. Rae1 Rc6 27. h5 a6 28. Ra1 Bd4 29. Nd1 e5 30. Ra4 Rdc8 31. f4 Rc2 32. Kf3 Rxe2 33. Kxe2 Bxb2 34. Nxb2 Rc2+ 35. Kd1 Rxb2 36. fxe5 Rb6 37. Ke2 Ke6 38. Ra5 Rb3 39. Rxa6+ Kxe5 40. Rg6 Rb7 41. Kf2 f4 42. gxf4+ Kxf4 0-1


[Site "https://www.chess.com"]

[Event "Titled Tuesday Blitz August 22 Early 2023"]
[White "Spichkin, Alexander"]
[Black "Seifert, Henryk"]
[WhiteFideId "4144074"]
[BlackFideId "1100963"]
[WhiteElo "2375"]
[BlackElo "2106"]
[Result "1-0"]
[Round "3"]
[TimeControl "180+1"]
[Date "2023.08.22"]
[WhiteClock "0:00:42"]
[BlackClock "0:00:00"]
[Board "257"]

1. f4 d5 2. Nf3 g6 3. e3 Bg7 4. Be2 Nf6 5. O-O O-O 6. d3 c5 7. Qe1 Nc6 8. a4 a6 9. Qh4 Nd7 10. Nbd2 e5 11. c3 Qxh4 12. Nxh4 exf4 13. exf4 Re8 14. Bf3 Bf6 15. g3 Bxh4 16. gxh4 Nf6 17. Nb3 Bh3 18. Rd1 c4 19. dxc4 dxc4 20. Nc5 Rad8 21. Rxd8 Nxd8 22. Nxb7 Re1+ 23. Kf2 Rf1+ 24. Ke2 Rxf3 25. Kxf3 Nxb7 26. Be3 Nd6 27. Bd4 Bg4+ 28. Ke3 Nd5+ 29. Kd2 Ne4+ 30. Kc2 Nxf4 31. a5 Bf5 32. Kd1 Nd3 33. Ra2 Nd6 34. Kd2 h5 35. Ra4 Be6 36. b4 cxb3 37. Kxd3 1-0


[Site "https://www.chess.com"]

[Event "Titled Tuesday Blitz August 22 Early 2023"]
[White "Kekic, Armin"]
[Black "ArmanGhevondyanchess"]
[WhiteFideId "14401274"]
[WhiteElo "2365"]
[BlackElo "2096"]
[Result "1-0"]
[Round "3"]
[TimeControl "180+1"]
[Date "2023.08.22"]
[WhiteClock "0:00:08"]
[BlackClock "0:00:20"]
[Board "258"]

1. e4 c5 2. Nf3 Nc6 3. d4 cxd4 4. Nxd4 g6 5. Nc3 Bg7 6. Be3 Nf6 7. f3 O-O 8. Qd2 d5 9. exd5 Nxd5 10. Nxc6 bxc6 11. Bd4 Bxd4 12. Qxd4 e5 13. Qd2 Rb8 14. O-O-O Qb6 15. b3 Rd8 16. Nxd5 cxd5 17. Qc3 Bf5 18. Bd3 Rbc8 19. Qxe5 Be4 20. fxe4 d4 21. Rhf1 Qb4 22. Bc4 Rxc4 23. bxc4 Qa3+ 24. Kb1 Qb4+ 25. Ka1 Qc3+ 26. Kb1 Qxc4 27. Rd3 Rc8 28. Rc1 Rd8 29. Rb3 Qc8 30. Rd1 Qc4 31. Rb8 Rf8 32. Rxf8+ Kxf8 33. Qxd4 Qb5+ 34. Qb2 Qe2 35. Rd8+ Ke7 36. Rd4 a5 37. Qb7+ Kf8 38. Qb8+ Kg7 39. Qe5+ Kh6 40. Qf4+ Kg7 41. Qc1 a4 42. a3 h5 43. Rxa4 Qxg2 44. Rb4 h4 45. Qf4 h3 46. Kb2 Qg1 47. Qe5+ Kh6 48. Qh8+ Kg5 49. Qxh3 Qa7 50. Qc3 f5 51. exf5 gxf5 52. Qg3+ Kf6 53. Qc3+ Kg5 54. a4 f4 55. Rb5+ Kg4 56. h3+ Kh4 57. Qe1+ Kxh3 58. Rh5+ Kg4 59. Qh4+ Kf3 60. Qh3+ Ke4 61. Qf5+ Kf3 62. Rh3+ Ke2 63. Qe4+ Kd1 64. Rh1+ Kd2 65. Qd3# 1-0


[Site "https://www.chess.com"]

[Event "Titled Tuesday Blitz August 22 Early 2023"]
[White "Buscar, Michael"]
[Black "Sericano, Claudio"]
[WhiteFideId "2603616"]
[BlackFideId "800473"]
[WhiteElo "2363"]
[BlackElo "2055"]
[Result "1-0"]
[Round "3"]
[TimeControl "180+1"]
[Date "2023.08.22"]
[WhiteClock "0:00:07"]
[BlackClock "0:00:02"]
[Board "259"]

1. Nf3 Nf6 2. g3 d5 3. Bg2 g6 4. O-O Bg7 5. c4 O-O 6. cxd5 Nxd5 7. Nc3 Nxc3 8. bxc3 c5 9. Rb1 Nc6 10. d3 Bxc3 11. Qc2 Nd4 12. Nxd4 Bxd4 13. Bxb7 Bxb7 14. Rxb7 Rb8 15. Rxa7 c4 16. Ra3 cxd3 17. Rxd3 Qb6 18. Be3 Bxe3 19. Rxe3 Rfc8 20. Qe4 Rc7 21. h4 h5 22. Rd1 Rbc8 23. a3 Qb7 24. Qxb7 Rxb7 25. Ra1 Ra8 26. a4 Rba7 27. Re4 Kf8 28. Kg2 Ra5 29. Rb4 e6 30. Kf3 R8a7 31. Ra3 Ke7 32. Ke3 Kd6 33. Kd3 Rc5 34. Rd4+ Kc6 35. Rc4 Kb6 36. Rxc5 Kxc5 37. a5 Kb5 38. Kd4 f6 39. a6 Kb6 40. e4 Rd7+ 41. Kc4 Rc7+ 42. Kb4 Ra7 43. f3 Kc6 44. Rc3+ Kb6 45. Rd3 Kc6 46. Ka5 Kc5 47. Rc3+ Kd6 48. Kb6 Ra8 49. Rd3+ Ke5 50. Kb7 Re8 51. a7 f5 52. a8=Q Rxa8 53. Kxa8 fxe4 54. f4+ Kf5 55. Re3 e5 56. fxe5 Kxe5 57. Kb7 Kd4 58. Re1 e3 59. Kc6 Ke4 60. Kd6 Kf3 61. Ke5 Kxg3 62. Rxe3+ Kxh4 63. Kf4 g5+ 64. Kf3 g4+ 65. Kg2 Kg5 66. Re5+ Kg6 67. Kg3 Kh6 68. Kh4 1-0


[Site "https://www.chess.com"]

[Event "Titled Tuesday Blitz August 22 Early 2023"]
[White "Zepeda Berlanga, Jan Enrique"]
[Black "Konenkin, Dmitry"]
[WhiteFideId "5132355"]
[BlackFideId "4185781"]
[WhiteElo "2000"]
[BlackElo "2362"]
[Result "0-1"]
[Round "3"]
[TimeControl "180+1"]
[Date "2023.08.22"]
[WhiteClock "0:00:17"]
[BlackClock "0:00:08"]
[Board "260"]

1. c4 e5 2. Nc3 Nf6 3. Nf3 Nc6 4. g3 d5 5. cxd5 Nxd5 6. Bg2 Be6 7. d3 Be7 8. O-O O-O 9. a3 a5 10. Bd2 h6 11. Nxd5 Bxd5 12. Bc3 Bd6 13. Qa4 f5 14. Qb5 Ne7 15. Nxe5 Bxg2 16. Kxg2 c6 17. Qc4+ Nd5 18. e4 fxe4 19. dxe4 Qf6 20. f4 b5 21. Qa2 b4 22. Bd4 Qe6 23. exd5 cxd5 24. Qb1 Rac8 25. axb4 Bxb4 26. Qg6 Rf6 27. Qg4 Qxg4 28. Nxg4 Rc2+ 29. Rf2 Rxf2+ 30. Nxf2 Re6 31. Kf3 Rc6 32. Rd1 Rc2 33. Nd3 Be7 34. h3 Rh2 35. Kg4 g6 36. h4 h5+ 37. Kf3 Kf7 38. Ne5+ Ke6 39. Nxg6 Bb4 40. Ne5 Kf5 41. Nd3 Bd6 42. Be5 Be7 43. Ra1 Bd8 44. Ra4 Rd2 45. Nc5 Bb6 46. Nd7 Rf2# 0-1


[Site "https://www.chess.com"]

[Event "Titled Tuesday Blitz August 22 Early 2023"]
[White "Petrova, Irina"]
[Black "Gyulamiryan-koryun"]
[WhiteFideId "14124122"]
[WhiteElo "2360"]
[BlackElo "2032"]
[Result "1/2-1/2"]
[Round "3"]
[TimeControl "180+1"]
[Date "2023.08.22"]
[WhiteClock "0:00:11"]
[BlackClock "0:00:04"]
[Board "262"]

1. e4 c6 2. d4 d5 3. Nc3 dxe4 4. Nxe4 Nf6 5. Nxf6+ exf6 6. Be3 Bd6 7. Bd3 O-O 8. Ne2 Nd7 9. O-O Re8 10. Qd2 Nf8 11. Bf4 Ng6 12. Bxd6 Qxd6 13. Rfe1 Be6 14. Rad1 Rad8 15. c3 Bd5 16. Bb1 Nh4 17. Nf4 Ng6 18. Bxg6 hxg6 19. b3 Be4 20. Ne2 b5 21. Ng3 Bd5 22. h4 a5 23. h5 a4 24. hxg6 fxg6 25. Qc2 axb3 26. axb3 Bf7 27. Ne4 Qd5 28. Nc5 g5 29. Rxe8+ Rxe8 30. Qd2 g4 31. Re1 Rxe1+ 32. Qxe1 Qg5 33. Qe3 Qf5 34. b4 Bd5 35. Qe8+ Kh7 36. Nd7 Qb1+ 37. Kh2 Qf5 38. Nf8+ Kh6 39. Qe3+ g5 40. Kg1 Qb1+ 41. Kh2 Qf5 42. Qe1 Qf4+ 43. Kg1 Qf5 44. Qe7 Qb1+ 45. Kh2 Qf5 46. Nd7 Qf4+ 47. Kg1 Qc1+ 48. Kh2 Qf4+ 49. Kg1 Qc1+ 50. Kh2 Qf4+ 1/2-1/2


[Site "https://www.chess.com"]

[Event "Titled Tuesday Blitz August 22 Early 2023"]
[White "Vachier-Lagrave, Maxime"]
[Black "Chigaev, Maksim"]
[WhiteFideId "623539"]
[BlackFideId "4108116"]
[WhiteElo "3140"]
[BlackElo "2914"]
[Result "1/2-1/2"]
[Round "4"]
[TimeControl "180+1"]
[Date "2023.08.22"]
[WhiteClock "0:00:02"]
[BlackClock "0:00:08"]
[Board "1"]

1. Nf3 Nf6 2. g3 g6 3. c4 Bg7 4. Bg2 O-O 5. O-O d6 6. d4 c5 7. Nc3 Nc6 8. d5 Na5 9. Nd2 a6 10. a4 e6 11. Qc2 exd5 12. cxd5 Re8 13. b3 Bf5 14. e4 Bd7 15. Nc4 Nxc4 16. bxc4 Ng4 17. Bb2 Rb8 18. Nd1 Bxb2 19. Nxb2 b5 20. cxb5 axb5 21. h3 Nf6 22. axb5 Bxb5 23. Rfe1 Nd7 24. Qc3 Qf6 25. Qxf6 Nxf6 26. f4 Nd7 27. Nd1 f5 28. Nc3 Bd3 29. Ra7 Rbd8 30. Kf2 fxe4 31. Bxe4 Bc4 32. Rb1 Nf6 33. Bf3 Rb8 34. Rbb7 Rxb7 35. Rxb7 Ra8 36. Rb6 Ne8 37. Rb1 Kf7 38. Rc1 Ke7 39. g4 Ra3 40. g5 Bd3 41. h4 Kd8 42. h5 gxh5 43. Bxh5 Ng7 44. Bg4 Nf5 45. Bxf5 Bxf5 46. Nb5 Ra2+ 47. Ke3 Ra6 48. Rh1 Rb6 49. Nc3 Rb3 50. Kd2 Rb2+ 51. Ke3 Rb3 52. Kd2 Rb2+ 53. Ke3 Rb3 1/2-1/2


[Site "https://www.chess.com"]